[Event "Titled Tuesday Blitz March 21 Early 2023"]
[White "Vaglio Munoz, Jaime"]
[Black "Naroditsky, Daniel"]
[WhiteFideId "6500145"]
[BlackFideId "2026961"]
[WhiteElo "2199"]
[BlackElo "2633"]
[Result "0-1"]
[Round "04"]
[TimeControl "180+2"]
[Date "2023.03.21"]
[WhiteClock "0:00:06"]
[BlackClock "0:01:34"]

1. Nf3 Nf6 2. c4 g6 3. b3 Bg7 4. Bb2 O-O 5. g3 d6 6. d4 Nbd7 7. Bg2 e5 8. dxe5 Ng4 9. O-O dxe5 10. Qc1 Re8 11. h3 Ngf6 12. Rd1 Qe7 13. Nc3 c6 14. Ng5 Nf8 15. a4 Ne6 16. Ba3 Qc7 17. Nge4 Nxe4 18. Nxe4 Nd4 19. Qb2 Bf5 20. Nd6 Red8 21. e4 Be6 22. c5 Nxb3 23. Rab1 b6 24. cxb6 axb6 25. Rd3 Nd4 26. Qxb6 Qxb6 27. Rxb6 Bf8 28. Rxd4 exd4 29. e5 d3 30. Bb4 Rxa4 31. Bxc6 Ra2 32. Bf3 d2 33. Kg2 Rb2 34. Ba5 Rxb6 35. Bxb6 Bxd6 36. exd6 Bd5 37. Bxd8 Bxf3+ 38. Kxf3 d1=Q+ 39. Ke4 Qxd6 40. Bg5 Qe6+ 41. Kf3 Qf5+ 42. Bf4 g5 43. Kg2 gxf4 44. g4 Qe4+ 45. f3 Qe2+ 46. Kg1 Kf8 0-1


[Site "https://www.chess.com"]

[Event "Titled Tuesday Blitz March 21 Early 2023"]
[White "Wei, Yi"]
[Black "Krysa, Leandro"]
[WhiteFideId "8603405"]
[BlackFideId "116807"]
[WhiteElo "2686"]
[BlackElo "2485"]
[Result "1-0"]
[Round "04"]
[TimeControl "180+2"]
[Date "2023.03.21"]
[WhiteClock "0:00:36"]
[BlackClock "0:00:05"]

1. b3 d5 2. Bb2 Bf5 3. e3 e6 4. Be2 h6 5. d3 Bh7 6. Nd2 c5 7. Ngf3 Nc6 8. h3 Nf6 9. g4 d4 10. Nc4 Nd5 11. Qd2 b5 12. Nce5 Nxe5 13. Nxe5 Bd6 14. Nf3 e5 15. a3 a5 16. Rg1 b4 17. g5 hxg5 18. Nxg5 Nc3 19. Bf3 Ra7 20. axb4 cxb4 21. Bxc3 dxc3 22. Bc6+ Kf8 23. Qe2 Bg6 24. Qg4 Kg8 25. Nxf7 Rxf7 26. Qxg6 Bf8 27. Qe6 Qf6 28. Qxf6 Rxf6 29. Bd5+ Kh7 30. Rxa5 Bd6 31. Ra7 Bf8 32. Rg5 1-0


[Site "https://www.chess.com"]

[Event "Titled Tuesday Blitz March 21 Early 2023"]
[White "Schmakel, Sam"]
[Black "Erigaisi Arjun"]
[WhiteFideId "2039311"]
[BlackFideId "35009192"]
[WhiteElo "2356"]
[BlackElo "2737"]
[Result "0-1"]
[Round "04"]
[TimeControl "180+2"]
[Date "2023.03.21"]
[WhiteClock "0:00:02"]
[BlackClock "0:00:33"]

1. d4 d6 2. e4 g6 3. Nc3 Bg7 4. Be3 a6 5. Qd2 b5 6. O-O-O Nd7 7. f3 Nb6 8. h4 b4 9. Nb1 a5 10. h5 e6 11. g4 h6 12. hxg6 fxg6 13. Bd3 Kf7 14. Ne2 c5 15. dxc5 Na4 16. Bd4 Bxd4 17. Nxd4 Qf6 18. e5 dxe5 19. Bb5 exd4 20. Bxa4 e5 21. g5 hxg5 22. Rxh8 Qxh8 23. Qxg5 Qf6 24. Bb3+ Kg7 25. Rg1 Qxg5+ 26. Rxg5 Bf5 27. Nd2 Nf6 28. Nc4 a4 29. Nxe5 axb3 30. axb3 Ra5 31. Kd2 Rxc5 32. Nc4 Rc7 33. Rg1 Nd5 34. c3 dxc3+ 0-1


[Site "https://www.chess.com"]

[Event "Titled Tuesday Blitz March 21 Early 2023"]
[White "Firouzja, Alireza"]
[Black "Hernandez Gonzalez, William"]
[WhiteFideId "12573981"]
[BlackFideId "3509915"]
[WhiteElo "2904"]
[BlackElo "2374"]
[Result "0-1"]
[Round "04"]
[TimeControl "180+2"]
[Date "2023.03.21"]
[WhiteClock "0:00:04"]
[BlackClock "0:00:19"]

1. d4 Nf6 2. c4 e6 3. g3 Bb4+ 4. Bd2 a5 5. Bg2 O-O 6. e3 d5 7. Qc2 b6 8. cxd5 exd5 9. Ne2 Ba6 10. Nbc3 Re8 11. Nf4 c6 12. f3 Bd6 13. Kf2 Bxf4 14. exf4 c5 15. dxc5 Nc6 16. Rhe1 Nb4 17. Rxe8+ Qxe8 18. Qa4 Qe7 19. g4 h5 20. g5 h4 21. Bf1 Qxc5+ 22. Kg2 Bxf1+ 23. Rxf1 Nh5 24. Qd7 Qd4 25. Bc1 Nd3 26. Ne2 Ndxf4+ 27. Bxf4 Nxf4+ 0-1


[Site "https://www.chess.com"]

[Event "Titled Tuesday Blitz March 21 Early 2023"]
[White "Karthik Rajaa"]
[Black "Sarana, Alexey"]
[WhiteFideId "25035215"]
[BlackFideId "24133795"]
[WhiteElo "2215"]
[BlackElo "2714"]
[Result "0-1"]
[Round "04"]
[TimeControl "180+2"]
[Date "2023.03.21"]
[WhiteClock "0:00:03"]
[BlackClock "0:01:08"]

1. Nf3 d5 2. d4 Nf6 3. c4 e6 4. Nc3 Be7 5. Bf4 O-O 6. e3 Nbd7 7. cxd5 exd5 8. Bd3 c6 9. h3 Nb6 10. O-O Bd6 11. Be5 Qe7 12. Qc2 h6 13. Rfe1 Be6 14. a3 Bxe5 15. Nxe5 Nfd7 16. Nf3 Nc8 17. e4 dxe4 18. Bxe4 Qd6 19. Rad1 Nf6 20. Bf5 Bxf5 21. Qxf5 Nb6 22. Ne5 Rad8 23. Re3 Rfe8 24. Rg3 Qe6 25. Qf4 Nh5 26. Qf3 Nxg3 27. Qxg3 Nc4 28. Nxc4 Qxc4 29. Qg4 Qb3 30. Rd2 Re1+ 31. Kh2 Qe6 32. Qh4 Qf6 33. Qxf6 gxf6 34. d5 cxd5 35. Rd4 Kg7 36. Kg3 h5 37. h4 a6 38. f3 Re6 39. Kf2 Rc6 40. Ke3 Rc4 41. Nxd5 Re8+ 42. Kd3 Rxd4+ 43. Kxd4 Re2 44. Nf4 Rxb2 45. Nxh5+ Kh6 46. Nf4 Ra2 47. g4 Rxa3 48. Ke4 Ra4+ 49. Kf5 Ra3 50. Ke4 a5 51. Nd5 a4 52. Nxf6 Ra1 53. g5+ Kg6 54. f4 Re1+ 55. Kd3 a3 56. h5+ Kf5 57. h6 a2 58. h7 Rh1 0-1


[Site "https://www.chess.com"]

[Event "Titled Tuesday Blitz March 21 Early 2023"]
[White "Larino Nieto, David"]
[Black "Tsydypov, Zhamsaran"]
[WhiteFideId "2256444"]
[BlackFideId "4108566"]
[WhiteElo "2506"]
[BlackElo "2584"]
[Result "0-1"]
[Round "04"]
[TimeControl "180+2"]
[Date "2023.03.21"]
[WhiteClock "0:00:04"]
[BlackClock "0:01:19"]

1. e4 c5 2. Nc3 d6 3. g3 Nc6 4. Bg2 g6 5. d3 Bg7 6. f4 Rb8 7. h3 b5 8. Nf3 e6 9. O-O Nge7 10. a3 O-O 11. g4 f5 12. exf5 exf5 13. g5 Be6 14. h4 Bf7 15. h5 gxh5 16. Nh4 Nd4 17. Ne2 Ng6 18. Nf3 Nxe2+ 19. Qxe2 Re8 20. Qf2 b4 21. axb4 Rxb4 22. c3 Rxf4 23. Bxf4 Nxf4 24. Nh4 Be5 25. Kh1 Qxg5 26. Be4 Nxd3 27. Qg2 Qxg2+ 28. Bxg2 f4 29. Rxa7 Bc4 30. Be4 Kf8 31. b3 Bf6 32. Bxh7 Bd5+ 33. Nf3 Ne1 34. c4 Bxf3+ 35. Kh2 Re2+ 36. Kh3 Bg4# 0-1


[Site "https://www.chess.com"]

[Event "Titled Tuesday Blitz March 21 Early 2023"]
[White "Van Foreest, Jorden"]
[Black "Hamitevici, Vladimir"]
[WhiteFideId "1039784"]
[BlackFideId "13902393"]
[WhiteElo "2633"]
[BlackElo "2401"]
[Result "1-0"]
[Round "04"]
[TimeControl "180+2"]
[Date "2023.03.21"]
[WhiteClock "0:00:46"]
[BlackClock "0:00:02"]

1. e4 e5 2. Nf3 Nc6 3. Bb5 a6 4. Ba4 Nge7 5. Nc3 d6 6. a3 Bd7 7. Bb3 Ng6 8. h4 h6 9. d3 Be7 10. h5 Nf8 11. Nd5 Ne6 12. c3 Bg5 13. Nxg5 hxg5 14. g3 Ne7 15. Ne3 Nc5 16. Bc2 Ng8 17. d4 Ne6 18. Nf5 g6 19. Ne3 Nf6 20. h6 Qe7 21. d5 Nf8 22. Bd2 O-O-O 23. Qe2 Ng8 24. Bd3 Kb8 25. Nc4 Bb5 26. a4 Bxc4 27. Bxc4 Qd7 28. Ra3 Qc8 29. Rb3 Ka8 30. Bxa6 bxa6 31. Qc4 c5 32. dxc6 Ne7 33. Rb6 Ka7 34. Be3 d5 35. Rb7+ Ka8 36. Qxa6# 1-0


[Site "https://www.chess.com"]

[Event "Titled Tuesday Blitz March 21 Early 2023"]
[White "Bronstein, Or"]
[Black "Makhnev, Denis"]
[WhiteFideId "2815770"]
[BlackFideId "13707647"]
[WhiteElo "2356"]
[BlackElo "2525"]
[Result "0-1"]
[Round "04"]
[TimeControl "180+2"]
[Date "2023.03.21"]
[WhiteClock "0:00:11"]
[BlackClock "0:00:06"]

1. e4 e5 2. Nf3 Nc6 3. Bb5 a6 4. Ba4 d6 5. O-O Bd7 6. c3 Nf6 7. Re1 g6 8. d4 Bg7 9. h3 O-O 10. Nbd2 Re8 11. Nf1 exd4 12. cxd4 Nxe4 13. d5 Nb8 14. Bc2 Nf6 15. Bg5 Rxe1 16. Qxe1 h6 17. Bh4 a5 18. Ne3 Qf8 19. Rc1 c5 20. Qd2 b5 21. a4 Na6 22. axb5 Nb4 23. b6 Rb8 24. Bxf6 Bxf6 25. Nc4 Bb5 26. Nxa5 Rxb6 27. b3 Rb8 28. Nc4 Ra8 29. Bb1 Kg7 30. h4 h5 31. g3 Ra1 32. Be4 Bxc4 33. Rxa1 Bxa1 34. bxc4 Qa8 35. Kg2 Qa3 36. Qf4 Qa6 37. Ng5 Bf6 38. Nh7 Be5 39. Qf3 Qxc4 40. Ng5 f5 41. Bxf5 gxf5 42. Qxf5 Qxd5+ 43. Kh3 Bf6 44. Ne6+ Kf7 45. Ng5+ Ke7 46. Qh7+ Ke8 47. Qg6+ Ke7 48. Qh7+ Kd8 49. Nf7+ Kc8 50. f3 c4 51. Qg8+ Kc7 52. Qe8 Qc6 53. Qe6 Qd7 54. Ng5 Bxg5 55. Qxd7+ Kxd7 56. hxg5 c3 57. g6 Ke7 58. g7 Kf7 59. f4 c2 60. f5 Kxg7 0-1


[Site "https://www.chess.com"]

[Event "Titled Tuesday Blitz March 21 Early 2023"]
[White "Gholami Orimi, Mahdi"]
[Black "Korchmar, Vasiliy"]
[WhiteFideId "12558486"]
[BlackFideId "24131750"]
[WhiteElo "2363"]
[BlackElo "2370"]
[Result "1-0"]
[Round "04"]
[TimeControl "180+2"]
[Date "2023.03.21"]
[WhiteClock "0:00:34"]
[BlackClock "0:00:01"]

1. d4 d5 2. Nf3 Nf6 3. Bf4 c5 4. c3 Nc6 5. e3 Qb6 6. Qc1 Bf5 7. Nbd2 e6 8. h3 Rc8 9. Be2 cxd4 10. exd4 h6 11. O-O Be7 12. Re1 O-O 13. a3 a6 14. Ne5 Nxd4 15. Bd1 Nc6 16. Ndf3 Nxe5 17. Nxe5 d4 18. c4 d3 19. b4 a5 20. c5 Qb5 21. Bd2 Bxc5 22. bxc5 Rxc5 23. Bc3 Rfc8 24. Qb2 Ne4 25. a4 Qxb2 26. Bxb2 Nc3 27. Bxc3 Rxc3 28. Nf3 f6 29. g4 Bg6 30. Rxe6 Rc1 31. Rxc1 Rxc1 32. Re1 Kf8 33. Bb3 Rxe1+ 34. Nxe1 Be4 35. Ng2 Ke7 36. Bd1 Kd6 37. f3 Bg6 38. Kf2 Kc5 39. Ke3 Kb4 40. Nf4 Bh7 41. Kd4 1-0


[Site "https://www.chess.com"]

[Event "Titled Tuesday Blitz March 21 Early 2023"]
[White "Tari, Aryan"]
[Black "Darini, Pouria"]
[WhiteFideId "1510045"]
[BlackFideId "12502200"]
[WhiteElo "2583"]
[BlackElo "2482"]
[Result "1-0"]
[Round "04"]
[TimeControl "180+2"]
[Date "2023.03.21"]
[WhiteClock "0:00:02"]
[BlackClock "0:00:06"]

1. Nf3 Nf6 2. g3 d5 3. Bg2 c6 4. O-O Bg4 5. c4 Bxf3 6. Bxf3 e6 7. Qb3 Qb6 8. d3 Nbd7 9. Be3 Bc5 10. Bxc5 Nxc5 11. Qa3 O-O 12. Nd2 a5 13. Rfc1 Ncd7 14. Bg2 Ng4 15. e3 Qb4 16. Qc3 Rfd8 17. d4 f5 18. a3 Qd6 19. b4 axb4 20. axb4 Ngf6 21. Qb3 Qf8 22. b5 Rxa1 23. Rxa1 Ra8 24. Rxa8 Qxa8 25. bxc6 bxc6 26. Qb2 Qa5 27. h3 h6 28. Kh2 Kf7 29. Nf3 Qc7 30. cxd5 cxd5 31. Ne1 Ne4 32. Nd3 Kg8 33. Qb5 Nd6 34. Qa6 g5 35. Ne5 Kg7 36. f4 Qb6 37. Qa8 Nb8 38. Qa4 Nf7 39. Qe8 Nxe5 40. fxe5 Na6 41. Qe7+ Kg8 42. Qf6 Kh7 43. Qf7+ Kh8 44. Qg6 Nb4 45. Qxh6+ Kg8 46. Qxg5+ Kf8 47. Qf6+ Ke8 48. h4 Nc2 49. Qg6+ Kd8 50. Qg5+ Kd7 51. h5 Ne1 52. Qg7+ Kc6 53. g4 Qb2 54. gxf5 Qf2 55. Qg4 Qe2 56. Qxe2 Nf3+ 57. Kg3 Nxd4 58. Qg4 exf5 59. Qg6+ Ne6 60. Qxe6+ Kb5 61. Qxf5 1-0


[Site "https://www.chess.com"]

[Event "Titled Tuesday Blitz March 21 Early 2023"]
[White "Martinez Reyes, Pedro Ramon"]
[Black "Praggnanandhaa R"]
[WhiteFideId "3901807"]
[BlackFideId "25059530"]
[WhiteElo "2340"]
[BlackElo "2623"]
[Result "0-1"]
[Round "04"]
[TimeControl "180+2"]
[Date "2023.03.21"]
[WhiteClock "0:01:14"]
[BlackClock "0:01:30"]

1. e4 e6 2. d4 d5 3. Nc3 Nf6 4. Bg5 dxe4 5. Nxe4 Be7 6. Bxf6 gxf6 7. Qd2 b6 8. O-O-O Bb7 9. Bb5+ c6 10. Bc4 Nd7 11. Nf3 Qc7 12. Qe2 b5 13. Bd3 O-O-O 14. Kb1 a6 15. c4 Kb8 16. Rc1 Qb6 17. Rc2 Rhg8 18. Ng3 f5 19. Rhc1 Bf6 20. Nh5 Bxd4 21. c5 Bxc5 22. Ne5 Nxe5 23. Qxe5+ Bd6 24. Qf6 Qc7 25. g3 Be5 0-1


[Site "https://www.chess.com"]

[Event "Titled Tuesday Blitz March 21 Early 2023"]
[White "Drygalov, Sergey"]
[Black "De Silva, L M S T"]
[WhiteFideId "24171743"]
[BlackFideId "9953698"]
[WhiteElo "2533"]
[BlackElo "2403"]
[Result "1-0"]
[Round "04"]
[TimeControl "180+2"]
[Date "2023.03.21"]
[WhiteClock "0:00:37"]
[BlackClock "0:00:13"]

1. d4 Nf6 2. c4 e6 3. Nc3 Bb4 4. Qc2 O-O 5. e4 d5 6. e5 Ne4 7. Bd3 c5 8. Ne2 cxd4 9. Nxd4 Nc6 10. Nxc6 bxc6 11. O-O f5 12. exf6 Nxf6 13. Bg5 d4 14. Ne4 Qe7 15. c5 Ba5 16. a3 Bc7 17. f4 e5 18. f5 Kh8 19. Rf3 Qf7 20. Raf1 Nd5 21. f6 Nf4 22. Bxf4 exf4 23. Ng5 Qh5 24. Nxh7 Bg4 25. Nxf8 Rxf8 26. Bg6 Qg5 27. f7 Qe5 28. Qd3 Bxf3 29. Qxf3 Qe3+ 30. Qxe3 dxe3 31. Rf3 Rxf7 32. Bxf7 g5 33. Bc4 g4 34. Rf1 Kg7 35. h3 gxh3 36. gxh3 Kf6 37. Kg2 Ke5 38. Kf3 Kd4 39. Be2 Kxc5 40. h4 a5 41. h5 a4 42. h6 Kb6 43. h7 c5 44. h8=Q c4 45. Qd4+ Kb7 46. Qd5+ Ka7 47. Qc5+ Kb7 48. Bxc4 Kb8 49. Qe7 e2 50. Kxe2 f3+ 51. Kf2 Kb7 52. Kxf3 Kb8 53. Qb4+ Ka7 54. Qxa4+ Kb7 55. Bd5+ Kc8 56. Qe8+ Bd8 57. Rc1+ 1-0


[Site "https://www.chess.com"]

[Event "Titled Tuesday Blitz March 21 Early 2023"]
[White "Grigoriants, Sergey"]
[Black "Lewtak, Damian"]
[WhiteFideId "4130804"]
[BlackFideId "1141724"]
[WhiteElo "2502"]
[BlackElo "2302"]
[Result "1/2-1/2"]
[Round "04"]
[TimeControl "180+2"]
[Date "2023.03.21"]
[WhiteClock "0:00:07"]
[BlackClock "0:00:14"]

1. d4 d5 2. c4 e6 3. Nc3 Nf6 4. Nf3 Bb4 5. Bg5 O-O 6. a3 Bxc3+ 7. bxc3 h6 8. Bxf6 Qxf6 9. e3 c5 10. g4 Nc6 11. h4 Qe7 12. g5 h5 13. Rb1 g6 14. Bd3 b6 15. a4 dxc4 16. Bxc4 Bb7 17. Qe2 Rad8 18. Rg1 Qc7 19. Bb5 Ne7 20. Ne5 Nf5 21. Bd3 Nxh4 22. Kf1 Rd5 23. a5 Rxe5 24. axb6 axb6 25. dxe5 Nf3 26. Rg3 Nxe5 27. Bc2 Bd5 28. Kg1 Ra8 29. f4 Bc4 30. Qg2 Nc6 31. Be4 Rc8 32. Bxc6 Qxc6 33. Qxc6 Rxc6 34. Rg2 Rd6 35. Kf2 Rd2+ 36. Kg3 Rd3 37. Rxb6 Rxe3+ 38. Kh2 Rxc3 39. Rgb2 Bd3 40. Rb8+ Kg7 41. Rd8 Rc2+ 42. Rxc2 Bxc2 43. Rc8 Be4 44. Rxc5 Bf5 45. Kg3 Kf8 46. Rc7 Ke8 47. Ra7 Kf8 48. Rb7 Kg7 49. Ra7 Kf8 50. Kf2 h4 51. Ke3 h3 52. Kf2 Be4 53. Kg3 Bg2 54. Kh2 Kg7 55. Rc7 Kf8 56. Ra7 Kg7 57. Rc7 Kf8 58. Kg3 Kg7 59. Ra7 Kg8 60. Rc7 Bf1 61. Ra7 Kg7 62. Rc7 Kf8 63. Ra7 Kg7 64. Rc7 Kf8 65. Ra7 Kg7 1/2-1/2


[Site "https://www.chess.com"]

[Event "Titled Tuesday Blitz March 21 Early 2023"]
[White "Babazada, Khazar"]
[Black "Chernobay, Artem"]
[WhiteFideId "13413554"]
[BlackFideId "4167406"]
[WhiteElo "2364"]
[BlackElo "2474"]
[Result "1-0"]
[Round "04"]
[TimeControl "180+2"]
[Date "2023.03.21"]
[WhiteClock "0:00:19"]
[BlackClock "0:00:13"]

1. Nf3 d6 2. d4 f5 3. c4 Nf6 4. Nc3 g6 5. g3 Bg7 6. Bg2 O-O 7. O-O Nc6 8. d5 Ne5 9. Nxe5 dxe5 10. c5 Kh8 11. Qb3 e4 12. Rd1 e5 13. a4 a6 14. Qc4 Qe8 15. b4 Bd7 16. Bb2 g5 17. b5 e3 18. fxe3 Ng4 19. Qd3 e4 20. Qd2 Qh5 21. h3 Ne5 22. Na2 axb5 23. axb5 Bxb5 24. Bd4 Qxe2 25. Qxe2 Bxe2 26. Re1 Bc4 27. Nc3 Nd3 28. Reb1 Nxc5 29. Bxc5 Bxc3 30. Rxa8 Rxa8 31. Rxb7 Be5 32. g4 Ra1+ 33. Kf2 Ra2+ 34. Kg1 Bxd5 35. Rb8+ Kg7 36. gxf5 Bg3 37. Bd4+ Kh6 38. Rd8 Bc4 39. Bxe4 Rc2 40. Bxc2 1-0


[Site "https://www.chess.com"]

[Event "Titled Tuesday Blitz March 21 Early 2023"]
[White "Durarbayli, Vasif"]
[Black "Itgelt, Khuyagtsogt"]
[WhiteFideId "13402935"]
[BlackFideId "4902912"]
[WhiteElo "2543"]
[BlackElo "2227"]
[Result "1-0"]
[Round "04"]
[TimeControl "180+2"]
[Date "2023.03.21"]
[WhiteClock "0:00:04"]
[BlackClock "0:00:02"]

1. e4 e5 2. Nf3 Nc6 3. d4 exd4 4. Nxd4 Nf6 5. Nxc6 bxc6 6. e5 Qe7 7. Qe2 Nd5 8. h4 a5 9. c4 Nb6 10. b3 Qe6 11. Bb2 a4 12. g3 Bb4+ 13. Kd1 a3 14. Bc3 Qe7 15. h5 h6 16. Rh4 Ra5 17. Re4 O-O 18. Bxb4 Qxb4 19. Qd2 Qxd2+ 20. Nxd2 d6 21. exd6 cxd6 22. Be2 Nd7 23. b4 Ra4 24. Rb1 Ne5 25. Rb3 Bf5 26. Rd4 Rb8 27. f4 Ng4 28. Rxd6 Raxb4 29. Kc1 c5 30. Rd5 Rxb3 31. Nxb3 Be6 32. Rxc5 Ne3 33. Kd2 Nf5 34. g4 Nd6 35. f5 Ne4+ 36. Kc1 Nxc5 37. Nxc5 Bc8 38. Nb3 Kf8 39. Bd3 Ke7 40. Kc2 Kf6 41. c5 Ke5 42. Be2 Bb7 43. Kc3 Bd5 44. Bc4 Bf3 45. Bxf7 Bxg4 46. Nd4 Rb2 47. c6 Kd6 48. Be6 Kc7 49. Bd7 Rb6 50. Ne6+ Kd6 51. Nxg7 Rxc6+ 52. Bxc6 Kxc6 53. Kb3 Kd6 54. f6 1-0


[Site "https://www.chess.com"]

[Event "Titled Tuesday Blitz March 21 Early 2023"]
[White "Zamorano, Jorge"]
[Black "Dardha, Daniel"]
[WhiteFideId "173770"]
[BlackFideId "240990"]
[WhiteElo "2331"]
[BlackElo "2581"]
[Result "0-1"]
[Round "04"]
[TimeControl "180+2"]
[Date "2023.03.21"]
[WhiteClock "0:00:02"]
[BlackClock "0:00:03"]

1. e4 b6 2. d4 Bb7 3. Bd3 e6 4. Nc3 d6 5. Nf3 Nd7 6. Qe2 a6 7. a4 h6 8. O-O Ne7 9. e5 d5 10. Nd1 c5 11. c3 Nc6 12. Be3 Be7 13. Ne1 g6 14. f4 h5 15. Nf3 c4 16. Bc2 b5 17. axb5 axb5 18. Nf2 b4 19. g3 Qb6 20. h3 Kd8 21. g4 hxg4 22. hxg4 Kc7 23. Kg2 Rxa1 24. Rxa1 Ra8 25. Rxa8 Bxa8 26. f5 gxf5 27. gxf5 Qa5 28. f6 Bf8 29. Bd2 Qa1 30. Nd1 Nb6 31. Ng5 Nd8 32. Qh5 b3 33. Bh7 Nd7 34. Kf2 Ba3 35. bxa3 b2 36. Nxb2 Qxb2 37. Ke2 Bc6 38. Nxf7 Ba4 39. Nxd8 Kxd8 40. Qf7 Qa1 41. Qe7+ Kc8 42. f7 Qd1+ 43. Ke3 Qg1+ 44. Kf4 Qf2+ 45. Kg5 Qxd2+ 46. Kh4 Qh2+ 47. Kg5 Qd2+ 48. Kh4 Qf4+ 49. Kh3 Qh6+ 50. Kg3 Qg7+ 51. Kf2 Qxh7 52. f8=Q+ Nxf8 53. Qxf8+ Kc7 54. Qd6+ Kb7 55. Qb4+ Kc8 56. Qxa4 Qh2+ 57. Ke3 Qg3+ 58. Ke2 Qd3+ 59. Kf2 Qd2+ 60. Kf1 Qxc3 61. Qc6+ Kb8 62. Qb6+ Ka8 63. Qa6+ Kb8 64. Qb6+ Kc8 65. Qxe6+ Kc7 66. Qd6+ Kb7 67. Qxd5+ Kb6 68. Qc5+ Ka6 69. Qc6+ Ka5 70. Qd5+ Ka4 71. e6 Qd3+ 72. Kf2 c3 73. e7 Qd2+ 74. Kg3 Qe1+ 75. Kf3 Qh1+ 76. Kf4 Qxd5 77. e8=Q+ Kxa3 78. Qe7+ Kb2 79. Qb4+ Kc2 80. Ke3 Qg5+ 81. Ke2 Qd2+ 82. Kf3 Qd3+ 83. Kf4 Kd2 84. d5 Qxd5 85. Kg3 Kd3 86. Qb1+ c2 87. Qf1+ Kc3 88. Qe1+ Qd2 89. Qe5+ Qd4 90. Qe1+ Kb3 91. Qc1 Qb2 92. Qe3+ Qc3 0-1


[Site "https://www.chess.com"]

[Event "Titled Tuesday Blitz March 21 Early 2023"]
[White "Raja Rithvik R"]
[Black "Domingo Nunez, Ruben"]
[WhiteFideId "35007394"]
[BlackFideId "22245570"]
[WhiteElo "2402"]
[BlackElo "2404"]
[Result "0-1"]
[Round "04"]
[TimeControl "180+2"]
[Date "2023.03.21"]
[WhiteClock "0:00:16"]
[BlackClock "0:00:08"]

1. Nf3 g6 2. g3 Bg7 3. d4 Nf6 4. Bg2 O-O 5. O-O d6 6. c4 Nbd7 7. Nc3 c5 8. b3 Rb8 9. Bb2 a6 10. Rc1 b5 11. dxc5 Nxc5 12. cxb5 axb5 13. Nd4 Bd7 14. b4 Ne6 15. Nc6 Bxc6 16. Bxc6 Ng4 17. Qb3 Nd4 18. Qd5 Rb6 19. Qe4 Rxc6 20. Qxg4 f5 21. Qh4 Rxc3 22. Bxc3 Nxe2+ 23. Kg2 Qa8+ 24. f3 Bxc3 25. Rc2 Bf6 26. Qh6 Nd4 27. Rd2 Rc8 28. Qe3 Rc4 29. Rfd1 e5 30. a3 Qc6 31. h4 Rc3 32. Rd3 Rc2+ 33. R1d2 Rc1 34. h5 g5 35. h6 Kf7 36. Rd1 Rc2+ 37. R1d2 g4 38. Rxd4 gxf3+ 39. Qxf3 exd4 40. Rxc2 Qxc2+ 41. Kh3 Qe4 42. Qh5+ Ke7 43. Qd1 d3 44. Qb3 Qh1# 0-1


[Site "https://www.chess.com"]

[Event "Titled Tuesday Blitz March 21 Early 2023"]
[White "polandchessplayer"]
[Black "Chigaev, Maksim"]
[BlackFideId "4108116"]
[WhiteElo "2649"]
[BlackElo "2547"]
[Result "0-1"]
[Round "04"]
[TimeControl "180+2"]
[Date "2023.03.21"]
[WhiteClock "0:00:19"]
[BlackClock "0:00:09"]

1. c4 c6 2. d4 d5 3. cxd5 cxd5 4. Nc3 Nf6 5. Nf3 Nc6 6. Bf4 a6 7. e3 Bg4 8. Bd3 e6 9. O-O Bd6 10. Bg3 O-O 11. Rc1 Rc8 12. Be2 Bxf3 13. Bxf3 Bxg3 14. hxg3 Qe7 15. e4 dxe4 16. Nxe4 Nd5 17. Nc5 Rfd8 18. Re1 a5 19. a3 h6 20. Qa4 Rb8 21. Qc4 Qf6 22. Nb3 Ra8 23. Red1 Nce7 24. Nc5 b6 25. Ne4 Qg6 26. g4 Rab8 27. Qe2 Nf6 28. g3 Ned5 29. Kg2 Nxe4 30. Bxe4 Qf6 31. Qf3 Qxf3+ 32. Kxf3 Nf6 33. Rc2 Kf8 34. Rc6 Ke7 35. b4 axb4 36. axb4 Rd7 37. b5 Ra7 38. Rdc1 Ra3+ 39. R1c3 Rxc3+ 40. Rxc3 Rd8 41. Rc6 Rd6 42. Rc7+ Rd7 43. Rc6 Rd6 44. Rc7+ Rd7 45. Rc6 Rxd4 46. Bc2 Rd6 47. Rc7+ Rd7 48. Rc6 Rb7 49. Be4 Rb8 50. Rc7+ Kf8 51. Rc6 Ne8 52. Kf4 Ke7 53. Ke5 Kd7 54. Kd4 Nd6 55. Bd3 f6 56. f4 g5 57. Rc3 Rd8 58. Rc6 Ke7 59. Ke3 Rb8 60. Rc7+ Kf8 61. Rh7 Re8 62. Rh8+ Ke7 63. Rxh6 Rf8 64. Rh7+ Rf7 65. Rh8 Rf8 66. Rh1 Rd8 67. Rh7+ Kf8 68. Rc7 Rc8 69. Rd7 Ne8 70. Bg6 Nc7 71. Rf7+ Kg8 72. Rxf6 Nd5+ 73. Ke4 Nxf6+ 74. Ke5 Kg7 75. Bd3 Nxg4+ 76. Kxe6 gxf4 77. gxf4 Rd8 78. Be2 Nf6 79. f5 Re8+ 80. Kd6 Rxe2 81. Kc6 Re5 82. Kxb6 Nd5+ 83. Kc6 Nb4+ 84. Kd6 Rxb5 85. Ke6 Kf8 86. f6 Nd5 87. Kf5 Nxf6+ 88. Kg6 Nd7 89. Kh7 Ke7 90. Kh8 Rg5 91. Kh7 Nf8+ 92. Kh6 Rg6+ 93. Kh5 Ra6 94. Kh4 Kf6 95. Kh5 Ng6 96. Kg4 Ra5 97. Kf3 Rf5+ 98. Ke4 Re5+ 99. Kd3 Re7 100. Kc4 Ke5 101. Kc5 Rc7+ 102. Kb6 Kd6 103. Kb5 Ne5 104. Kb4 Rc5 105. Ka4 Kc6 106. Kb4 Rc4+ 107. Kb3 Kb5 108. Ka3 Rb4 109. Ka2 Kc4 110. Ka3 Rb6 111. Ka4 Ra6# 0-1


[Site "https://www.chess.com"]

[Event "Titled Tuesday Blitz March 21 Early 2023"]
[White "Amilal Munkhdalai"]
[Black "Costachi, Mihnea"]
[WhiteFideId "4903250"]
[BlackFideId "1217518"]
[WhiteElo "2293"]
[BlackElo "2456"]
[Result "0-1"]
[Round "04"]
[TimeControl "180+2"]
[Date "2023.03.21"]
[WhiteClock "0:00:01"]
[BlackClock "0:01:24"]

1. e4 e5 2. Nf3 Nc6 3. Bb5 a6 4. Ba4 d6 5. c3 Bd7 6. O-O g6 7. d4 Bg7 8. d5 Nce7 9. Bxd7+ Qxd7 10. c4 h6 11. Nc3 f5 12. Re1 f4 13. b4 Nf6 14. c5 O-O 15. cxd6 cxd6 16. Na4 Qd8 17. Qb3 g5 18. h3 Ng6 19. Bb2 Nd7 20. Rec1 h5 21. Qc2 g4 22. hxg4 hxg4 23. Nd2 g3 24. Nf3 Nh4 25. Qe2 Rf7 26. Kf1 Bf8 27. Nxh4 Qxh4 28. Qf3 gxf2 29. Qxf2 Qg5 30. Ke2 Rg7 31. Rg1 Nf6 32. Qf3 Nh5 33. Rac1 Qg6 34. Nb6 Rd8 35. Kd3 Qf7 36. Kc2 Rg3 37. Qf2 Nf6 38. Rce1 Qg6 39. Kb1 Nxe4 40. Qc2 Nf6 41. Qxg6+ Rxg6 42. Rc1 Rg7 43. a4 Nd7 44. Nxd7 Rdxd7 45. Rc8 Kf7 46. Rgc1 Rxg2 47. b5 axb5 48. axb5 f3 49. b6 f2 50. R8c2 Bh6 51. Re2 Bxc1 52. Bxc1 f1=Q 0-1


[Site "https://www.chess.com"]

[Event "Titled Tuesday Blitz March 21 Early 2023"]
[White "Skliarov, Viktor"]
[Black "Yeletsky, Ivan"]
[WhiteFideId "14106736"]
[BlackFideId "24180327"]
[WhiteElo "2289"]
[BlackElo "2414"]
[Result "0-1"]
[Round "04"]
[TimeControl "180+2"]
[Date "2023.03.21"]
[WhiteClock "0:00:10"]
[BlackClock "0:00:34"]

1. e4 c6 2. d4 d5 3. e5 c5 4. Nf3 cxd4 5. Qxd4 Nc6 6. Qf4 e6 7. Bd3 Nb4 8. O-O Nxd3 9. cxd3 Ne7 10. Nc3 Bd7 11. Ng5 Nf5 12. g4 Nh6 13. h3 Be7 14. Nf3 O-O 15. Qg3 Kh8 16. Kh2 f5 17. exf6 Rxf6 18. Ne5 Nf7 19. Nxf7+ Rxf7 20. Bf4 Bc6 21. Be5 Bh4 22. Qe3 d4 23. Qxd4 Qxd4 24. Bxd4 Rd8 25. Bxa7 Rxd3 26. Rad1 Rdf3 27. Rd2 h6 28. Bd4 Bg3+ 29. Kg1 Bf4 30. Re2 Rxh3 31. f3 Bxf3 32. Rxf3 Rxf3 33. Ne4 e5 34. Kg2 Rd3 35. Bc3 Kh7 36. a4 b6 37. Nf2 Rg3+ 38. Kh1 Be3 39. Bxe5 Rxf2 40. Rxf2 Bxf2 41. Bxg3 Bxg3 42. b4 Be1 43. a5 bxa5 44. bxa5 Bxa5 45. Kg2 Kg6 46. Kh3 Kg5 47. Kg3 Bc7+ 48. Kh3 Bd6 0-1


[Site "https://www.chess.com"]

[Event "Titled Tuesday Blitz March 21 Early 2023"]
[White "Budrewicz, Krzysztof"]
[Black "Kravtsiv, Martyn"]
[WhiteFideId "1127950"]
[BlackFideId "14113147"]
[WhiteElo "2230"]
[BlackElo "2695"]
[Result "0-1"]
[Round "04"]
[TimeControl "180+2"]
[Date "2023.03.21"]
[WhiteClock "0:02:00"]
[BlackClock "0:01:34"]

1. d4 Nf6 2. c4 g6 3. Nc3 Bg7 4. g3 c6 5. Bg2 d5 6. cxd5 cxd5 7. Nf3 O-O 8. O-O b6 9. Bf4 Bb7 10. Ne5 Nfd7 11. Nd3 e6 12. Bd6 Re8 13. e3 Na6 14. Rc1 Ndb8 15. Ba3 Nc6 16. Nb5 Bf8 17. Bxf8 Rxf8 18. a3 Rc8 19. Qa4 Ra8 20. Rc3 Nab8 21. Rc2 a6 22. Nc3 Nd7 23. b3 b5 24. Nxb5 axb5 25. Qxb5 Ba6 26. Qxc6 Bxd3 0-1


[Site "https://www.chess.com"]